 Dungeon Crawl Stone Soup version 0.29.0-4-gdea44cf6ec (webtiles) character file.

Game seed: 10966116920584841522

141 qw the Chopper (level 5, -2/30 HPs)
             Began as a Tengu Warper on Aug 28, 2022.
             Killed from afar by an orc wizard (4 damage)
             ... with a puff of flame
             ... on level 3 of the Dungeon.
             The game lasted 00:00:14 (2196 turns).

qw the Chopper (Tengu Warper)                       Turns: 2196, Time: 00:00:15

Health: -2/30      AC:  8    Str: 19    XL:     5   Next: 24%
Magic:  9/9        EV:  9    Int: 13    God:
Gold:   61         SH:  0    Dex: 14    Spells: 8/8 levels left

rFire   . . .      SeeInvis .   Y - +1 hand axe (elec)
rCold   . . .      Faith    .   (no shield)
rNeg    . . .      Spirit   .   e - +0 chain mail
rPois   .          Reflect  .   (helmet restricted)
rElec   .          Harm     .   (no cloak)
rCorr   .          Rampage  .   (no gloves)
Will    .....                   (boots unavailable)
Stlth   ..........              (no amulet)
HPRegen 0.10/turn               a - +6 ring of strength
MPRegen 0.11/turn               (no ring)

@: flying quickly and evasively, quick
A: beak, talons 3, nimble flight
a: no special abilities


You were on level 3 of the Dungeon.
You visited 1 branch of the dungeon, and saw 3 of its levels.

You collected 145 gold pieces.
You spent 84 gold pieces at shops.


Innate Abilities, Weirdness & Mutations

You have a beak for a mouth.
You have claws for feet.
Your magical nature lets you fly swiftly and evasively.


   Skills:
 - Level 2.0 Fighting
 + Level 5.8 Axes
 - Level 1.0 Throwing
 - Level 1.1 Armour
 - Level 2.1 Dodging
 - Level 2.0 Spellcasting
 - Level 2.4 Translocations


You had 8 spell levels left.
You didn't know any spells.
Your spell library contained the following spells:

 Spells                   Type           Power      Damage    Failure   Level
 Blink                    Tloc           14%        N/A       88%         2
 Gell's Gravitas          Tloc           7%         N/A       98%         3
 Lesser Beckoning         Tloc           7%         N/A       98%         3
 Teleport Other           Tloc           7%         N/A       98%         3
 Manifold Assault         Tloc           7%         N/A       100%        5

Inventory:

Hand Weapons
 d - a +0 flail
 Y - a +1 hand axe of electrocution (weapon)
Armour
 e - a +0 chain mail (worn)
Jewellery
 a - a +6 ring of strength (left hand)
 f - a ring of ice
Scrolls
 j - a scroll of enchant armour {unknown}
Potions
 c - a potion of invisibility {unknown}
 g - a potion of flight {unknown}
 h - a potion of resistance {unknown}
 k - a potion of heal wounds {unknown}
 l - a potion of degeneration {unknown}
 m - a potion of curing {unknown}

Dungeon Overview and Level Annotations

Branches:
Dungeon (3/15)

Altars:

Shops:
D:1 :   D:2 *


Message History

The orc priest hits you but does no damage.
You hit the orc priest.
Lightning courses through the orc priest!
You kill the orc priest!
2185 ||| Stepping ~*~*~tactically~*~*~ (hiding).
Things that are here:
a +0 short sword; a +0 chain mail You hit the orc priest.
You peck the orc priest.
The orc priest is heavily wounded.
The orc priest hits you but does no damage.
You slash the orc priest!
You kill the orc priest!
You have reached level 5!
Your magical nature develops, letting you fly swiftly and evasively.
You swing at nothing.
You are confused.
You're too confused to attack without stumbling around!
You start resting.
An orc wizard appears from thin air!
Reactivating autopickup.
The orc wizard casts a spell at you. The puff of flame hits you.
The orc wizard mumbles some strange words.
The orc wizard flickers and vanishes!
Deactivating autopickup; reactivate with Ctrl-A.
You're too confused to attack without stumbling around!
There is a strange disturbance nearby!
You're too confused to attack without stumbling around!
You start resting.
You hear some strange, mumbled words.
Something tries to affect you, but you resist.
You're too confused to attack without stumbling around!
You start resting.
You feel less confused. Something hits you.
You hit something but do no damage.
You hear some strange, mumbled words.
A puff of flame appears from out of thin air!
The puff of flame hits you.
You die...

####.# ....#####
#........ ###.#### ....
#......# .....
####....$.# ..:..
#......?..# .....
#.##).....# .....##
#####..@).....#
#..$.####(....#{......#
#.........)..##.......#
##.....)###.#..........#
......)..(....###......#
##.......(%....##.[....#
#.....<..>..).#########
#....>...####...#######
#......#..#
###.......#########.


There were no monsters in sight!

Vanquished Creatures
  2 orc priests (D:3)
  A gnoll (D:1)
  An adder (D:2)
  A worm (D:2)
  A dart slug (D:2)
  2 orcs (D:3)
  5 ball pythons
  5 bats
  5 endoplasms
  2 giant cockroaches
  5 hobgoblins
  3 jackals (D:1)
  11 kobolds
  3 frilled lizards (D:1)
  6 goblins
  4 rats
57 creatures vanquished.

Notes
Turn   | Place    | Note
-------+----------+-------------------------------------------
     0 | D:1      | qw the Tengu Warper began the quest for the Orb.
     0 | D:1      | Reached XP level 1. HP: 12/12 MP: 4/4
     0 | D:1      | 0 ||| qw: Version: 0.1-a-89-g26bdef1
     0 | D:1      | 0 ||| qw: Game counter: 3111
     0 | D:1      | 0 ||| qw: Always use a shield: true
     0 | D:1      | 0 ||| qw: God list: Okawaru
     0 | D:1      | 0 ||| qw: Allow faded altars: false
     0 | D:1      | 0 ||| qw: Do Orc after D:15 true
     0 | D:1      | 0 ||| qw: Do second Lair branch before Depths: true
     0 | D:1      | 0 ||| qw: Lair rune preference: random
     0 | D:1      | 0 ||| qw: Plans: Normal
     0 | D:1      | 0 ||| PLANNING D:1-11
   114 | D:1      | 114 ||| Stepping ~*~*~tactically~*~*~ (stealth).
   158 | D:1      | Reached skill level 3 in Axes
   158 | D:1      | Reached XP level 2. HP: 9/17 MP: 6/6
   560 | D:1      | 560 ||| Stepping ~*~*~tactically~*~*~ (stealth).
   593 | D:1      | Reached XP level 3. HP: 19/21 MP: 7/7
   715 | D:1      | Found Canker's Book Emporium.
   793 | D:1      | 793 ||| Stepping ~*~*~tactically~*~*~ (stealth).
   842 | D:1      | Reached skill level 4 in Axes
  1253 | D:1      | 1253 ||| UPGRADING to +0 chain mail.
  1263 | D:1      | 1263 ||| DROPPING +0 leather armour.
  1264 | D:1      | 1264 ||| DROPPING ring of magical power.
  1265 | D:1      | 1265 ||| READING scroll labelled AMIOFENISE.
  1266 | D:1      | 1266 ||| READING scroll labelled HYCENUFEDO.
  1267 | D:1      | 1267 ||| DROPPING scroll of blinking.
  1415 | D:2      | 1415 ||| Stepping ~*~*~tactically~*~*~ (stealth).
  1416 | D:2      | 1416 ||| Stepping ~*~*~tactically~*~*~ (stealth).
  1544 | D:2      | 1544 ||| Stepping ~*~*~tactically~*~*~ (stealth).
  1546 | D:2      | 1546 ||| Stepping ~*~*~tactically~*~*~ (hiding).
  1561 | D:2      | Reached XP level 4. HP: 26/26 MP: 8/8
  1732 | D:2      | Found Roafifua's Assorted Antiques.
  1737 | D:2      | 1737 ||| BUYING brown potion (26 gold).
  1737 | D:2      | Bought a brown potion for 26 gold pieces
  1737 | D:2      | 1737 ||| BUYING scroll labelled KUZICK FEPN (29 gold).
  1737 | D:2      | Bought a scroll labelled KUZICK FEPN for 29 gold pieces
  1737 | D:2      | 1737 ||| BUYING scroll labelled YLIUJO TAHUIDA (29 gold).
  1737 | D:2      | Bought a scroll labelled YLIUJO TAHUIDA for 29 gold pieces
  1755 | D:2      | Identified the +2 leather armour of Altruism {Contam Int+5}
  2059 | D:2      | 2059 ||| UPGRADING to +6 ring of strength.
  2060 | D:2      | 2060 ||| READING scroll labelled EHALUBR ONEU.
  2061 | D:2      | 2061 ||| READING 2 scrolls labelled FEDENN CUASM.
  2064 | D:2      | 2064 ||| READING scroll labelled GAETHO VUYQIGO.
  2065 | D:2      | 2065 ||| READING scroll labelled KUZICK FEPN.
  2066 | D:2      | 2066 ||| READING scroll labelled YLIUJO TAHUIDA.
  2067 | D:2      | 2067 ||| READING scroll of teleportation.
  2142 | D:3      | Reached skill level 5 in Axes
  2144 | D:3      | 2144 ||| Stepping ~*~*~tactically~*~*~ (stealth).
  2145 | D:3      | 2145 ||| Stepping ~*~*~tactically~*~*~ (stealth).
  2150 | D:3      | 2150 ||| Stepping ~*~*~tactically~*~*~ (stealth).
  2151 | D:3      | 2151 ||| Stepping ~*~*~tactically~*~*~ (stealth).
  2152 | D:3      | 2152 ||| Stepping ~*~*~tactically~*~*~ (hiding).
  2153 | D:3      | 2153 ||| Stepping ~*~*~tactically~*~*~ (hiding).
  2169 | D:3      | HP: 5/26 [something (2)]
  2170 | D:3      | 2170 ||| READING scroll of teleportation.
  2185 | D:3      | 2185 ||| Stepping ~*~*~tactically~*~*~ (hiding).
  2189 | D:3      | Gained mutation: Your magical nature lets you fly swiftly
                  | and evasively. [Tengu growth]
  2189 | D:3      | Reached XP level 5. HP: 6/30 MP: 9/9
  2190 | D:3      | HP: 2/30 [orc wizard/puff of flame (4)]
  2195 | D:3      | HP: 2/30 [something (1)]
  2196 | D:3      | Killed from afar by an orc wizard

Levels and vault maps discovered:
D:1:      sevenhm_arrival_forest_fort_large_2, layout_basic, serial_shops,
          nicolae_shop_trees
D:2:      cheibrodos_helix_gallery, layout_loops_ring, serial_shops, shop,
          kennysheep_generic_room_4
D:3:      layout_rooms, hellmonk_ecumenical_altar_slurped_away,
          minmay_randomly_rotated_circles

Skill      XL: |  1  2  3  4 |
---------------+-------------+-----
Axes           | 3 4 5 |  5.8
Fighting       | |  2.0
Throwing       | |  1.0
Armour         | |  1.1
Dodging        | |  2.1
Spellcasting   | |  2.0
Translocations | |  2.4

Action                   |  1- 3 |  4- 6 || total
-------------------------+-------+-------++-------
Melee: Hand axe          |    61 |    33 ||    94
       Kick              |    14 |     3 ||    17
       Peck              |    14 |     6 ||    20
       Punch             |     1 |       ||     1
Throw: Boomerang         |     7 |       ||     7
       Javelin           |    20 |    16 ||    36
  Use: Scroll            |     2 |     7 ||     9
Armor: Leather armour    |    11 |       ||    11
       Chain mail        |     2 |    16 ||    18
Dodge: Dodged            |    36 |     3 ||    39

Table legend:
 A = Non-vault XP
 B = Vault XP
 C = Vault XP percentage of total XP
 D = Non-vault monster count
 E = Vault monster count
 F = Vault count percentage of total count
                 A         B        C        D         E       F
            +---------+---------+-------+---------+---------+-------
      Total |     195 |       7 |   3.5 |      53 |       4 |   7.0
            +---------+---------+-------+---------+---------+-------
        D:1 |      60 |       0 |   0.0 |      31 |       0 |   0.0
        D:2 |      40 |       7 |  14.9 |      14 |       4 |  22.2
        D:3 |      95 |       0 |   0.0 |       8 |       0 |   0.0
            +---------+---------+-------+---------+---------+-------
